 Dungeon Crawl Stone Soup version 0.26.0-8-g74fc34ddfb (webtiles) character file.

Game seed: 12156891965391925788

1568 waddelsworth the Shield-Bearer (level 8, -13/73 HPs)
             Began as a Minotaur Fighter on Jan 12, 2021.
             Was a Believer of Yredelemnul.
             Mangled by a boulder beetle (19 damage)
             ... on level 6 of the Dungeon.
             The game lasted 00:15:03 (6597 turns).

waddelsworth the Shield-Bearer (Minotaur Fighter)   Turns: 6597, Time: 00:15:03

Health: -13/73     AC: 13    Str: 23    XL:     8   Next: 59%
Magic:  7/7        EV:  6    Int:  5    God:    Yredelemnul [**....]
Gold:   369        SH: 11    Dex: 10    Spells: 7/7 levels left

rFire    . . .     SeeInvis .   D - +1 war axe
rCold    + . .     Faith    .   c - +0 kite shield
rNeg     . . .     Spirit   .   F - +0 chain mail
rPois    .         Reflect  .   (helmet restricted)
rElec    .         Harm     .   q - +1 cloak
rCorr    .         Rampage  .   (no gloves)
Will     .....                  (no boots)
Stlth    ..........             (no amulet)
HPRegen  0.22/turn              t - ring of protection from cold
MPRegen  0.10/turn              (no ring)

@: no status effects
A: retaliatory headbutt, horns 2
a: Renounce Religion, Animate Remains, Recall Undead Slaves, Injury Mirror


You were on level 6 of the Dungeon.
You worshipped Yredelemnul.
Yredelemnul was pleased with you.
You visited 1 branch of the dungeon, and saw 6 of its levels.

You collected 369 gold pieces.

Inventory:

Hand Weapons
 a - a +0 war axe
 A - a +1 dagger of venom
 B - a +0 trident of protection
 D - a +1 war axe (weapon)
Missiles
 l - 106 stones (quivered)
Armour
 b - a +0 scale mail
 c - a +0 kite shield (worn)
 n - a +0 tower shield
 q - a +1 cloak (worn)
 x - a cursed +0 ring mail
 F - a +0 chain mail (worn)
Jewellery
 t - a ring of protection from cold (left hand)
 v - an uncursed ring of positive energy {unknown}
Wands
 u - a wand of random effects (24)
 C - a wand of paralysis (10)
Scrolls
 f - 2 scrolls of enchant armour
 h - a scroll of fear {unknown}
 j - a scroll of teleportation
 k - 5 scrolls of remove curse
 m - a scroll of identify
 p - a scroll of amnesia {unknown}
 r - 2 scrolls of fog
 s - a scroll of enchant weapon
 w - a scroll of noise {unknown}
 y - a scroll of immolation {unknown}
Potions
 d - a potion of might
 e - a potion of haste {unknown}
 g - a potion of curing
 i - a potion of magic {unknown}
 o - 2 potions of flight {unknown}
 z - 2 potions of brilliance {unknown}
 E - a potion of cancellation {unknown}


   Skills:
 + Level 7.4 Fighting
 + Level 6.9 Axes
 + Level 7.4 Armour
 + Level 7.4 Shields


You had 7 spell levels left.
You didn't know any spells.
Your spell library contained the following spells:

 Spells                   Type           Power        Failure   Level
 Animate Skeleton         Necr           0%           100%        1
 Blink                    Tloc           N/A          100%        2
 Gell's Gravitas          Tloc           0%           100%        3
 Lesser Beckoning         Tloc           0%           100%        3
 Teleport Other           Tloc           0%           100%        3
 Passage of Golubria      Tloc           N/A          100%        4


Dungeon Overview and Level Annotations

Branches:
Dungeon (6/15)
 Temple: D:4-7

Altars:
Cheibriados
Kikubaaqudgha
Sif Muna
Uskayaw
Vehumet
Yredelemnul
The Shining One

Shops:
D:4 (


Innate Abilities, Weirdness & Mutations

You reflexively headbutt those who attack you in melee.
You have a pair of horns on your head.


Message History

You hit the boulder beetle but do no damage.
You headbutt the boulder beetle, but do no damage.
You block the boulder beetle's attack.
You hit the boulder beetle.
You headbutt the boulder beetle, but do no damage.
The boulder beetle is lightly wounded.
The boulder beetle bites you!!
You slash the boulder beetle!
The boulder beetle is moderately wounded.
The boulder beetle bites you!
You hit the boulder beetle but do no damage.
The boulder beetle is moderately wounded.
The boulder beetle bites you!!
* * * LOW HITPOINT WARNING * * *
The boulder beetle bites you but does no damage.
You slash the boulder beetle!
The boulder beetle is heavily wounded.
The boulder beetle bites you!!
You die...
Your body rises from the dead as a mindless zombie.

## .# .# .# ##.#
####### #..# #......
#####
####.########.#####
...>.###.#...........#
.........@.###########
........B###
.........##
#######...#######
#######.......# .##
........#####... ...
#######.### ## #
#...## ... #
###..#####..<. ...


You could see a boulder beetle.

Vanquished Creatures
  Prince Ribbit (D:5)
  Menkaure (D:5)
  A sky beast (D:5)
  2 phantoms
  2 ogres (D:5)
  2 scorpions (D:4)
  4 hounds
  A gnoll shaman (D:5)
  A bullfrog skeleton (D:4)
  A centaur skeleton (D:4)
  Natasha (thrice) (D:3)
  3 orc wizards
  4 worker ants
  A hound skeleton (D:4)
  5 gnolls
  7 adders
  3 adder zombies
  An adder skeleton (D:5)
  2 worms
  6 dart slugs
  A leopard gecko (D:5)
  11 orcs
  4 giant cockroaches
  7 goblins
  9 hobgoblins
  17 jackals
  3 kobolds
  8 bats
  2 frilled lizards
  A jackal skeleton (D:2)
  A quokka zombie (D:5)
  12 rats
127 creatures vanquished.

Vanquished Creatures (others)
  A plant (D:3)
  4 withered plants (D:2)
5 creatures vanquished.

Grand Total: 132 creatures vanquished

Notes
Turn   | Place    | Note
-------+----------+-------------------------------------------
     0 | D:1      | waddelsworth the Minotaur Fighter began the quest for the
                  | Orb.
     0 | D:1      | Reached XP level 1. HP: 19/19 MP: 0/0
     9 | D:1      | Reached XP level 2. HP: 27/27 MP: 1/1
   314 | D:1      | Reached XP level 3. HP: 25/33 MP: 2/2
  1048 | D:2      | Reached XP level 4. HP: 40/40 MP: 3/3
  1055 | D:2      | Found a glowing golden altar of the Shining One.
  1226 | D:2      | Found a basalt altar of Yredelemnul.
  1286 | D:2      | Found a hide-covered altar of Uskayaw.
  1476 | D:2      | Noticed an angel
  1484 | D:2      | Noticed a profane servitor
  1517 | D:2      | Became a worshipper of Yredelemnul the Dark
  1539 | D:3      | Noticed Natasha
  1550 | D:3      | Killed Natasha
  2157 | D:3      | Noticed Natasha
  2165 | D:3      | Killed Natasha
  2166 | D:3      | Reached XP level 5. HP: 45/47 MP: 4/4
  2303 | D:3      | Found an ancient bone altar of Kikubaaqudgha.
  2312 | D:3      | Found a radiant altar of Vehumet.
  2313 | D:3      | Found a shimmering blue altar of Sif Muna.
  2318 | D:3      | Identified Kikubaaqudgha's Compendium of Dark Arts
  2433 | D:3      | Reached * piety under Yredelemnul
  2504 | D:3      | Noticed Natasha
  2518 | D:3      | Killed Natasha
  2640 | D:4      | Noticed a phantom
  2666 | D:4      | Killed a phantom
  2667 | D:4      | Reached skill level 5 in Fighting
  2667 | D:4      | Reached skill level 5 in Armour
  2667 | D:4      | Reached skill level 5 in Shields
  2667 | D:4      | Reached XP level 6. HP: 43/56 MP: 5/5
  3288 | D:4      | Found Gicsos's Weapon Shop.
  3348 | D:4      | Found the +9 heavy crossbow "Sniper" {vorpal, Acc+∞ SInv}
  3363 | D:4      | Found a snail-covered altar of Cheibriados.
  3476 | D:4      | Reached skill level 5 in Axes
  3505 | D:4      | Reached XP level 7. HP: 48/62 MP: 6/6
  3859 | D:5      | Entered Level 5 of the Dungeon
  4251 | D:5      | Reached ** piety under Yredelemnul
  4831 | D:5      | Reached XP level 8. HP: 71/71 MP: 7/7
  4970 | D:5      | Noticed Prince Ribbit
  5403 | D:5      | Killed Prince Ribbit
  5746 | D:5      | Noticed Menkaure
  5754 | D:5      | Killed Menkaure
  6352 | D:6      | Noticed a boulder beetle
  6597 | D:6      | Mangled by a boulder beetle

Illustrated notes

Levels and vault maps discovered:
D:1:      dpeg_arrival_stonehenge_8_columns, layout_loops_ring
D:2:      layout_basic, grunt_temple_overflow_holy_war,
          eat_drink_and_be_merry_uskayaw, serial_undead, serial_undead_e,
          serial_undead_c, serial_undead_b, serial_undead_c, minmay_liquid_box
D:3:      layout_basic, grunt_temple_overflow_magic_moments,
          serial_bayou_pond_b, uniq_natasha
D:4:      layout_gridville, lemuel_crystal_altar, serial_shops, shop
D:5:      layout_layer_cave, serial_rivers, chequers_serial_rivers_marsh,
          chequers_serial_rivers_micro_c, chequers_serial_rivers_small_3,
          chequers_serial_rivers_micro_a, chequers_serial_rivers_large_a,
          chequers_serial_rivers_marsh, uniq_menkaure, uniq_prince_ribbit1
D:6:      cheibrodos_fzero, layout_rooms, nzn_wu_jian_council_hall,
          nicolae_gozag_cash_rules_everything_around_me,
          minmay_temple_entry_purple_smoke, vehumet_altar_wand_db

Skill      XL: |  1  2  3  4  5  6  7  8 |
---------------+-------------------------+-----
Armour         | 4 5 6 7 |  7.4
Shields        | 4 5 6 7 |  7.4
Fighting       | 4 5 6 7 |  7.4
Axes           | 3 4 5 6 |  6.9

Action                   |  1- 3 |  4- 6 |  7- 9 || total
-------------------------+-------+-------+-------++-------
Melee: War axe           |    76 |   163 |   163 ||   402
       Headbutt          |     8 |    28 |    24 ||    60
  Use: Scroll            |       |       |     7 ||     7
Armor: Scale mail        |    44 |    56 |    19 ||   119
       Chain mail        |       |       |    53 ||    53
Dodge: Dodged            |    27 |    30 |    48 ||   105
Block: Kite shield       |    43 |    68 |    93 ||   204
